 Dungeon Crawl Stone Soup version 0.30.0-29-ga12c61a403 (webtiles) character file.

Game seed: 559963642922657236

0 safid the Chiller (level 1, -1/13 HPs)
             Began as a Merfolk Ice Elementalist on June 15, 2023.
             Slain by a gnoll
             ... wielding a +0 spear
              (8 damage)
             ... on level 1 of the Dungeon.
             The game lasted 00:00:12 (77 turns).

safid the Chiller (Merfolk Ice Elementalist)          Turns: 77, Time: 00:00:13

Health: -1/13      AC:  2    Str:  8    XL:     1   Next: 10%
Magic:  3/3        EV: 12    Int: 14    God:
Gold:   9          SH:  0    Dex: 14    Spells: 3/4 levels left

rFire   . . .        c - +0 dagger
rCold   . . .        (no shield)
rNeg    . . .        a - +0 robe
rPois   .            (no helmet)
rElec   .            (no cloak)
rCorr   .            (no gloves)
SInv    .            (no boots)
Will    .....        (no amulet)
Stlth   ++           (no ring)
HPRegen 0.22/turn    (no ring)
MPRegen 0.08/turn

%: no passive effects
@: no status effects
A: (nimble swimmer 2), mertail
a: no special abilities


You were on level 1 of the Dungeon.
You visited 1 branch of the dungeon, and saw 1 of its levels.

You collected 9 gold pieces.

Inventory:

Hand Weapons
 c - a +0 dagger (weapon)
Armour
 a - a +0 robe (worn)
Potions
 b - a potion of magic


   Skills:
 + Level 0.0 Fighting
 - Level 2.6 Dodging
 - Level 2.1 Stealth
 + Level 2.0 Spellcasting
 + Level 4.4 Ice Magic


You had 3 spell levels left.
You knew the following spells:

 Your Spells              Type           Power      Damage    Failure   Level
a - Freeze                Ice            52%        1d6       4%          1

Your spell library contained the following spells:

 Spells                   Type           Power      Damage    Failure   Level
 Frozen Ramparts          Ice            26%        1d4       12%         3
 Ozocubu's Armour         Ice            13%        N/A       12%         3
 Summon Ice Beast         Ice/Summ       7%         N/A       67%         4


Dungeon Overview and Level Annotations

Branches:
Dungeon (1/15)

Altars:


Innate Abilities, Weirdness & Mutations

((You are very nimble when in or above water. (Stealth+, EV+, Speed+++)))
Your lower body shifts to a powerful aquatic tail in water.


Message History

You miscast Freeze.
You are very lightly contaminated with residual magic.
Nothing appears to happen.
The kobold hits you with a +0 dagger.
Unknown command.
Casting: Freeze (safe; 4% risk of failure)
Confirm with . or Enter, or press ? or * to list all spells.
Aiming: Freeze (safe; 4% risk of failure)
Press: ? - help, Shift-Dir - straight line, f/p - kobold
Aim: a kobold, wielding a +0 dagger (moderately wounded)
You freeze the kobold.
You kill the kobold!
Unknown command.
Found a short sword.
Things that are here:
a +0 dagger; a kobold corpse
c - a +0 dagger
c - a +0 dagger (weapon)
Your magical contamination has completely faded away.
HP restored.
Magic restored.
Found 2 atropa-tipped darts.
Found a hand axe.
A gnoll comes into view. It is wielding a +0 spear.
The gnoll shouts!
You hear a shout!
The gnoll hits the plant with a +0 spear.
The plant begins to die.
You hear a shout!
A goblin comes into view. It is wielding a +0 club.
Found 8 stones.
The gnoll hits you from afar with a +0 spear!
Ouch! That really hurt!
You are too injured to fight recklessly!
Casting: Freeze (safe; 4% risk of failure)
Confirm with . or Enter, or press ? or * to list all spells.
You can't see any susceptible monsters within range! (Use Z to cast anyway.) Unknown command.
A kobold comes into view. It is wielding a +0 club.
A nearby plant withers and dies. x2; The gnoll hits you with a +0 spear!
Ouch! That really hurt!
You die... .......###.#^.†##.# #........#...##.# ######..........##.### ...................... #####..#..##......... #..#..#PPPPPPPP.P

###..#..#PPPPPP....
...#.#....####PPPP..PPPP
.......@.....#PPP.PPP...
...P.P.g..##.#PPP.PP.PPP
.(P....PPg...#PP.PP.PP.P
....P.....#...PP.P.PP.P.
.......P......PP.P.P.PPP
#.P.......#...PP.P.PP.P.
#.P...P.P.#.##PP.PP.PP.P
#..PP.KP..# #


PP.PP.PPP PP.PPP... You could see a gnoll, a goblin and a kobold (wandering).

Vanquished Creatures
  A kobold (D:1)
1 creature vanquished.

Notes
Turn   | Place    | Note
-------+----------+-------------------------------------------
     0 | D:1      | safid the Merfolk Ice Elementalist began the quest for the
                  | Orb.
     0 | D:1      | Reached XP level 1. HP: 13/13 MP: 3/3
    77 | D:1      | Slain by a gnoll

Illustrated notes

Levels and vault maps discovered:
D:1:      roderic_crop_circles_arrival_small, layout_basic,
          kennysheep_another_room, chequers_serial_rivers_room_b,
          nicolae_grassy_gnolls

Action                     || total
---------------------------++-------
   Cast: Freeze            ||     2
  Dodge: Dodged            ||     1
